 Dungeon Crawl Stone Soup version 0.23.0 (webtiles) character file.

Game seed: 14846311117834142340

1278 LostNumber the Ruffian (level 8, 0/78 HPs)
             Began as a Troll Ice Elementalist on Feb 15, 2019.
             Was a Priest of Elyvilon.
             Slain by an orc warrior
             ... wielding a +0 dire flail
              (22 damage)
             ... on level 5 of the Dungeon.
             The game lasted 00:08:52 (3275 turns).

LostNumber the Ruffian (Troll Ice Elementalist)     Turns: 3275, Time: 00:08:53

Health: 0/78       AC:  7    Str: 19    XL:     8   Next: 29%
Magic:  8/9        EV: 10    Int: 11    God:    Elyvilon [***...]
Gold:   24         SH:  0    Dex: 10    Spells: 8/9 levels left

rFire    . . .     SeeInvis .     - Unarmed
rCold    . . .     Gourm    +   (no shield)
rNeg     . . .     Faith    .   a - +0 robe
rPois    +         Spirit   .   (helmet restricted)
rElec    .         Reflect  .   o - +0 cloak {rPois}
rCorr    +         Harm     .   (gloves unavailable)
MR       .....                  (boots unavailable)
Stlth    ..........             (no amulet)
HPRegen  0.63/turn              t - ring of attention (curse)
MPRegen  0.11/turn              q - ring of resist corrosion

@: no status effects
A: large, unfitting armour, claws 3, fast metabolism 3, gourmand, regeneration
1, shaggy fur 1, tough skin 3
a: Lesser Healing, Heal Other, Purification, Divine Protection, Renounce
Religion


You were on level 5 of the Dungeon.
You worshipped Elyvilon.
Elyvilon was most pleased with you.
You were very full.

You visited 1 branch of the dungeon, and saw 6 of its levels.

You collected 252 gold pieces.
You spent 228 gold pieces at shops.

Inventory:

Armour
 a - a +0 robe (worn)
 h - a +0 shield
   (You took it off an orc on level 2 of the Dungeon)
 o - a +0 cloak of poison resistance (worn)
   (You took it off Crazy Yiuf on level 3 of the Dungeon)
Jewellery
 q - a ring of resist corrosion (right claw)
   (You found it on level 4 of the Dungeon)
 t - a cursed ring of attention (left claw)
   (You found it on level 5 of the Dungeon)
 u - an uncursed ring of fire
   (You found it on level 5 of the Dungeon)
Wands
 x - a wand of acid (8)
   (You found it on level 5 of the Dungeon)
Potions
 d - 2 potions of lignification {!q}
 g - a potion of invisibility
 l - a potion of magic
 m - 3 potions of curing {@q1}
 n - 2 potions of brilliance
 r - 2 potions of haste {@q3}
Comestibles
 e - 7 rations {!d}


   Skills:
 + Level 3.6 Fighting
 - Level 1.5 Dodging
 - Level 1.0 Stealth
 + Level 2.8 Shields
 * Level 6.6 Unarmed Combat
 - Level 1.2 Spellcasting
   Level 0.6 Conjurations
 - Level 2.1 Ice Magic
 + Level 3.7 Invocations


You had 8 spell levels left.
You knew the following spells:

 Your Spells              Type           Power        Failure   Level  Hunger
a - Freeze                Ice            #...         13%         1    ##.....

Your spell library contained the following spells:

 Spells                   Type           Power        Failure   Level  Hunger
 Throw Frost              Conj/Ice       #.....       26%         2    ###....
 Ozocubu's Armour         Chrm/Ice       #.......     52%         3    ####...
 Throw Icicle             Conj/Ice       #.......     87%         4    #####..
 Summon Ice Beast         Ice/Summ       #.......     90%         4    #####..


Dungeon Overview and Level Annotations

Branches:
Dungeon (6/15)
 Temple: D:4-7

Altars:
Elyvilon
Hepliaklqana
Kikubaaqudgha
Makhleb
Qazlal
Ru
Sif Muna
Trog
Vehumet
Yredelemnul
Zin
The Shining One

Shops:
D:5 !

Annotations:
D:4 Ijyb


Innate Abilities, Weirdness & Mutations

You are too large for most types of armour.
You have claws for hands.
Your metabolism is lightning-fast.
You like to eat raw meat.
Your natural rate of healing is unusually fast.
You are covered in fur. (AC +1)
You have extremely tough skin. (AC +3)


Message History

The magic dart hits you.
The orc warrior hits you but does no damage.
The orc misses you.
You barely miss the orc warrior.
The orc wizard hits you but does no damage.
You closely miss the orc warrior.
The orc wizard gestures at you while chanting.
The puff of frost hits you. The orc warrior closely misses you.
The orc hits you but does no damage. The orc wizard casts a spell at you.
The puff of flame hits you!
You claw the orc warrior!
The orc warrior hits you with a +0 dire flail.
The orc hits you but does no damage.
The orc wizard hits you but does no damage.
You barely miss the orc warrior.
The orc wizard hits you but does no damage.
The orc warrior hits you with a +0 dire flail!!
* * * LOW HITPOINT WARNING * * *
The orc hits you with a +0 falchion.
* * * LOW HITPOINT WARNING * * *
You closely miss the orc warrior.
The orc wizard hits you with a +0 dagger.
* * * LOW HITPOINT WARNING * * *
The orc warrior barely misses you. The orc closely misses you.
The orc wizard hits you but does no damage.
Unknown command.
You claw the orc warrior!
The orc wizard hits you with a +0 dagger.
* * * LOW HITPOINT WARNING * * *
The orc warrior hits you with a +0 dire flail.
* * * LOW HITPOINT WARNING * * *
The orc hits you with a +0 falchion.
* * * LOW HITPOINT WARNING * * *
You are healed.
You feel somewhat less full. The orc wizard barely misses you.
The orc wizard points at you and mumbles some strange words.
The magic dart hits you.
* * * LOW HITPOINT WARNING * * *
You scratch the orc warrior but do no damage.
The orc warrior hits you with a +0 dire flail.
* * * LOW HITPOINT WARNING * * *
The orc misses you.
The orc wizard hits you but does no damage.
You closely miss the orc warrior. The orc warrior closely misses you.
The orc wizard closely misses you. The orc completely misses you.
Unknown command.
You closely miss the orc warrior.
The orc wizard miscasts a cantrip.
The orc warrior hits you with a +0 dire flail!!
You die...

########
#############......#
......#.....#......#
......#.....#..o@..#
......#.....#...oo.#
......#.....#......#
⌠.....#.....#......#
......#.....#......#
⌠###.##.#####......##
####'##.#...........#
........#...........#
........'...........#


You could see an orc warrior, an orc wizard and an orc.

Vanquished Creatures
  Sigmund (D:3)
  Duvessa (D:4)
  An ogre (D:5)
  Dowan (D:4)
  A scorpion (D:5)
  3 howler monkeys
  3 crimson imps
  2 bullfrog zombies (D:5)
  A hound (D:5)
  3 orc wizards
  2 orc priests
  Crazy Yiuf (D:3)
  An iguana (D:5)
  Natasha (thrice) (D:4)
  A worker ant (D:5)
  A hound zombie (D:5)
  A hound skeleton (D:4)
  9 adders
  2 oozes
  2 worms (D:2)
  3 dart slugs
  19 orcs
  5 giant cockroaches
  8 goblins
  8 hobgoblins
  6 jackals
  3 kobolds
  A quokka (D:2)
  2 ball pythons
  10 bats
  5 frilled lizards
  12 rats
122 creatures vanquished.

Notes
Turn   | Place    | Note
-------+----------+-------------------------------------------
     0 | D:1      | LostNumber the Troll Ice Elementalist began the quest for
                  | the Orb.
     0 | D:1      | Reached XP level 1. HP: 16/16 MP: 1/1
    62 | D:1      | Reached skill level 1 in Unarmed Combat
   117 | D:1      | Reached XP level 2. HP: 26/26 MP: 2/2
   510 | D:2      | Reached skill level 1 in Fighting
   510 | D:2      | Reached skill level 2 in Unarmed Combat
   510 | D:2      | Reached XP level 3. HP: 9/33 MP: 3/3
   608 | D:2      | Found a stormy altar of Qazlal.
   635 | D:2      | Found an ancient bone altar of Kikubaaqudgha.
   635 | D:2      | Found a glowing silver altar of Zin.
   639 | D:2      | Found a deep blue altar of Sif Muna.
   640 | D:2      | Found a glowing golden altar of the Shining One.
   701 | D:2      | Found a white marble altar of Elyvilon.
   721 | D:2      | Became a worshipper of Elyvilon the Healer
   829 | D:2      | Reached XP level 4. HP: 41/41 MP: 4/4
   846 | D:2      | Reached skill level 3 in Unarmed Combat
   920 | D:2      | Found a burning altar of Makhleb.
   943 | D:2      | Reached skill level 1 in Invocations
  1027 | D:2      | Found a radiant altar of Vehumet.
  1027 | D:2      | Found a bloodstained altar of Trog.
  1188 | D:2      | Reached XP level 5. HP: 49/49 MP: 5/5
  1392 | D:3      | Found a hazy altar of Hepliaklqana.
  1424 | D:3      | Reached * piety under Elyvilon
  1560 | D:2      | Reached skill level 4 in Unarmed Combat
  1591 | D:3      | Noticed Sigmund
  1720 | D:3      | Killed Sigmund
  1720 | D:3      | Reached skill level 1 in Shields
  1720 | D:3      | Reached XP level 6. HP: 45/59 MP: 6/6
  1745 | D:3      | Found a sacrificial altar of Ru.
  2009 | D:3      | Found a runed translucent door.
  2010 | D:3      | Noticed Crazy Yiuf
  2025 | D:3      | Killed Crazy Yiuf
  2105 | D:4      | Noticed Natasha
  2113 | D:4      | Killed Natasha
  2113 | D:4      | Reached XP level 7. HP: 59/66 MP: 7/7
  2177 | D:4      | Reached skill level 5 in Unarmed Combat
  2239 | D:4      | Noticed Natasha
  2254 | D:4      | Killed Natasha
  2262 | D:4      | Noticed Duvessa
  2262 | D:4      | Noticed Dowan
  2279 | D:4      | Killed Duvessa
  2300 | D:4      | Killed Dowan
  2424 | D:4      | Noticed Natasha
  2430 | D:4      | Killed Natasha
  2450 | D:4      | Noticed Ijyb
  2473 | D:5      | Entered Level 5 of the Dungeon
  2492 | D:5      | Reached ** piety under Elyvilon
  2620 | D:5      | Reached skill level 6 in Unarmed Combat
  2648 | D:5      | Found a basalt altar of Yredelemnul.
  2687 | D:5      | Reached XP level 8. HP: 75/75 MP: 9/9
  2757 | D:5      | Found Jebroak's Distillery.
  2854 | D:5      | Bought a potion of haste for 120 gold pieces
  2854 | D:5      | Bought a potion of curing for 36 gold pieces
  2854 | D:5      | Bought a potion of curing for 36 gold pieces
  2854 | D:5      | Bought a potion of lignification for 36 gold pieces
  2951 | D:5      | Reached *** piety under Elyvilon
  3275 | D:5      | Slain by an orc warrior

Skill      XL: |  1  2  3  4  5  6  7 |
---------------+----------------------+-----
Unarmed Combat | 1 2 3 4 6 |  6.6
Fighting       | 1 2 3 |  3.6
Invocations    | 1 2 3 |  3.7
Shields        | 1 2 |  2.8
Dodging        | |  1.5
Stealth        | |  1.0
Spellcasting   | |  1.2
Conjurations   | |  0.6
Ice Magic      | |  2.1

Action                   |  1- 3 |  4- 6 |  7- 9 || total
-------------------------+-------+-------+-------++-------
Melee: Unarmed           |   107 |   165 |   143 ||   415
       Punch             |       |     5 |     3 ||     8
Invok: Lesser Healing    |       |       |     1 ||     1
  Use: Potion            |     1 |       |       ||     1
       Scroll            |       |       |    11 ||    11
 Stab: Sleeping          |     3 |     2 |       ||     5
  Eat: Chunk             |    13 |    12 |    10 ||    35
Armor: Robe              |    38 |    47 |    65 ||   150
Dodge: Dodged            |    39 |    86 |    70 ||   195
